 Dungeon Crawl Stone Soup version 0.31-a0-232-gb1c03b2570 (webtiles) character file.

Game seed: 4100234721530325048

107 qw the Shooter (level 4, -1/26 HPs)
             Began as a Gargoyle Hexslinger on July 7, 2023.
             Slain by a gnoll
             ... wielding a +2 flail of distortion
              (7 damage)
             ... on level 3 of the Dungeon.
             The game lasted 00:00:43 (1677 turns).

qw the Shooter (Gargoyle Hexslinger)                Turns: 1677, Time: 00:00:44

Health: -1/26      AC:  9    Str: 11    XL:     4   Next: 86%
Magic:  5/5        EV: 10    Int: 14    God:
Gold:   129        SH:  0    Dex: 14    Spells: 4/5 levels left

rFire   . . .        Y - +1 sling
rCold   . . .        (no shield)
rNeg    + . .        e - +0 ring mail
rPois   inf          (no helmet)
rElec   +            (no cloak)
rCorr   .            (no gloves)
SInv    .            b - +0 pair of boots
Will    .....        (no amulet)
Stlth   +            (no ring)
HPRegen 0.24/turn    (no ring)
MPRegen 0.09/turn

%: no passive effects
@: no status effects
A: sickness immunity, AC +3, negative energy resistance 1, electricity
resistance, torment resistance 1, petrification resistance
a: no special abilities


You were on level 3 of the Dungeon.
You visited 1 branch of the dungeon, and saw 3 of its levels.

You collected 129 gold pieces.


Innate Abilities, Weirdness & Mutations

You are immune to sickness and miasma.
Your stone body is resilient. (AC +3)
You are immune to poison.
You resist negative energy. (rN+)
You are resistant to electric shocks. (rElec)
You are resistant to unholy torment.
You are immune to petrification.


   Skills:
 - Level 2.2 Fighting
 + Level 4.2 Ranged Weapons
 - Level 1.3 Armour
 - Level 1.5 Dodging
 - Level 1.0 Spellcasting
 - Level 2.6 Hexes


You had 4 spell levels left.
You knew the following spells:

 Your Spells              Type           Power      Damage    Failure   Level
a - Slow                  Hex            32%        N/A       21%         1

Your spell library contained the following spells:

 Spells                   Type           Power      Damage    Failure   Level
 Inner Flame              Hex/Fire       4%         N/A       71%         3
 Portal Projectile        Hex/Tloc       8%         N/A       71%         3
 Cause Fear               Hex            4%         N/A       90%         4

Inventory:

Hand Weapons
 Y - a +1 sling (weapon)
Armour
 b - a +0 pair of boots (worn)
 e - a +0 ring mail (worn)
Potions
 a - a potion of haste {unknown}
 c - a potion of might {unknown}
 d - a potion of degeneration {unknown}
 f - a potion of attraction {unknown}
 h - a potion of berserk rage {unknown}
 i - a potion of resistance
 k - a potion of mutation {unknown}

Dungeon Overview and Level Annotations

Branches:
Dungeon (3/15)

Altars:


Message History

Found a dagger.
There is a stone staircase leading up here.
Waypoint 2 assigned to D:3.
You see here a +0 dagger.
Found a stone staircase leading up.
A gnoll comes into view. It is wielding a +3 spear.
Found a stone staircase leading up.
The gnoll shouts!
You hear a shout!
You shoot a sling bullet. The sling bullet hits the gnoll.
The gnoll is moderately wounded.
A gnoll comes into view.
It is wielding a +2 flail of distortion.
You shoot a sling bullet. The sling bullet hits the gnoll.
The gnoll is heavily wounded.
You shoot a sling bullet. The sling bullet hits the gnoll!
You kill the gnoll!
You shoot a sling bullet.
The sling bullet closely misses the gnoll.
A gnoll comes into view. It is wielding a +0 halberd.
You shoot a sling bullet. The gnoll shouts!
The sling bullet hits the gnoll.
The gnoll is moderately wounded.
A gnoll comes into view. It is wielding a +0 flail.
You shoot a sling bullet. The gnoll shouts!
The sling bullet hits the gnoll.
The gnoll is severely wounded.
You shoot a sling bullet.
The sling bullet closely misses the gnoll.
The gnoll hits you with a +2 flail of distortion.
Space warps horribly around you!
Ouch! That really hurt!
You shoot a sling bullet. The sling bullet hits the gnoll.
The gnoll is almost dead.
The gnoll barely misses you.
You shoot a sling bullet.
The sling bullet barely misses the gnoll.
The gnoll closely misses you. The gnoll hits you but does no damage.
Space warps around you!
You die...

.. ... .
#.## ..
#.). ...
#g.# #...
#.g#
.....##..#
.......g@#
.<..##.####
. #....##
#.....#
#########.
#.<...#
#.<.......
#.....#
#.########
##...####)#
##.......#
#########


You could see 3 gnolls.

Vanquished Creatures
  5 gnolls
  An adder (D:2)
  A worm (D:2)
  A dart slug (D:1)
  2 endoplasms
  3 giant cockroaches
  6 goblins
  4 hobgoblins
  2 jackals (D:1)
  A kobold (D:2)
  A quokka (D:1)
  6 ball pythons
  3 bats
  3 frilled lizards
  7 rats
46 creatures vanquished.

Notes
Turn   | Place    | Note
-------+----------+-------------------------------------------
     0 | D:1      | qw the Gargoyle Hexslinger began the quest for the Orb.
     0 | D:1      | Reached XP level 1. HP: 12/12 MP: 2/2
     0 | D:1      | 0 ||| qw: Version: 0.3-a-46-gb1f654a
     0 | D:1      | 0 ||| qw: Game counter: 2876
     0 | D:1      | 0 ||| qw: Melee chars always use a shield: true
     0 | D:1      | 0 ||| qw: God list: Okawaru
     0 | D:1      | 0 ||| qw: Allow faded altars: false
     0 | D:1      | 0 ||| qw: Do Orc after clearing Dungeon:15 true
     0 | D:1      | 0 ||| qw: Do second Lair branch before Depths: true
     0 | D:1      | 0 ||| qw: Lair rune preference: random
     0 | D:1      | 0 ||| qw: Goals: Normal
     0 | D:1      | 0 ||| PLANNING D:1-11
   108 | D:1      | Reached XP level 2. HP: 16/16 MP: 3/3
   156 | D:1      | Reached skill level 3 in Ranged Weapons
   343 | D:1      | Reached XP level 3. HP: 21/21 MP: 4/4
   743 | D:1      | 743 ||| UPGRADING to +0 ring mail.
   753 | D:1      | 753 ||| DROPPING +0 robe.
   754 | D:1      | 754 ||| READING 2 scrolls labelled NAB GUIMMESIB.
   755 | D:1      | 755 ||| DRINKING 2 green potions.
   756 | D:1      | 756 ||| DROPPING scroll of noise.
   757 | D:1      | 757 ||| DROPPING scroll of poison.
  1217 | D:2      | Reached XP level 4. HP: 26/26 MP: 5/5
  1361 | D:2      | 1361 ||| Stepping ~*~*~tactically~*~*~ (outnumbered).
  1376 | D:2      | Reached skill level 4 in Ranged Weapons
  1387 | D:2      | HP: 1/26 [gnoll/+0 halberd (9)]
  1390 | D:2      | Reached skill level 1 in Armour
  1617 | D:2      | 1617 ||| UPGRADING to +0 pair of boots.
  1622 | D:2      | 1622 ||| READING scroll labelled QACOAZXOCW.
  1623 | D:2      | 1623 ||| READING scroll labelled PIFUWK ZOXIES.
  1675 | D:3      | HP: 6/26 [gnoll/+2 flail of distortion (14)]
  1677 | D:3      | Slain by a gnoll

Levels and vault maps discovered:
D:1:      doesnt_arrival_eight_statues, layout_basic
D:2:      layout_loops_ring, minmay_crystal_water
D:3:      layout_loops_cross, grunt_dithmenos_smoke,
          shapermc_ecumenical_altar_hornbeckon, chequers_big_river, hex_medium

Skill      XL: |  1  2  3  4 |
---------------+-------------+-----
Ranged Weapons | 3 4 |  4.2
Fighting       | 2 |  2.2
Armour         | 1 |  1.3
Dodging        | |  1.5
Spellcasting   | |  1.0
Hexes          | |  2.6

Action                     |  1- 3 |  4- 6 || total
---------------------------+-------+-------++-------
   Fire: Sling             |   160 |    38 ||   198
    Use: Scroll            |     1 |     2 ||     3
         Potion            |     1 |       ||     1
 Armour: Robe              |    16 |       ||    16
         Ring mail         |    16 |    13 ||    29
  Dodge: Dodged            |    70 |    17 ||    87

Table legend:
 A = Non-vault XP
 B = Vault XP
 C = Vault XP percentage of total XP
 D = Non-vault monster count
 E = Vault monster count
 F = Vault count percentage of total count
                 A         B        C        D         E       F
            +---------+---------+-------+---------+---------+-------
      Total |     154 |       0 |   0.0 |      46 |       0 |   0.0
            +---------+---------+-------+---------+---------+-------
        D:1 |      50 |       0 |   0.0 |      23 |       0 |   0.0
        D:2 |      90 |       0 |   0.0 |      22 |       0 |   0.0
        D:3 |      14 |       0 |   0.0 |       1 |       0 |   0.0
            +---------+---------+-------+---------+---------+-------
